 Dungeon Crawl Stone Soup version 0.28-a0-1510-gd0f6b136d3 (webtiles) character file.

Game seed: 1882454217648963650

10958 sanka the Frost Mage (level 11, -2/83 HPs)
             Began as a Gnoll Wanderer on Jan 14, 2022.
             Was a Priest of Vehumet.
             Killed by refrigeration
             ... invoked by Fannar
              (33 damage)
             ... on level 11 of the Dungeon.
             The game lasted 00:25:02 (12686 turns).

sanka the Frost Mage (Gnoll Wanderer)              Turns: 12686, Time: 00:25:03

Health: -2/83      AC: 13    Str: 16    XL:     11   Next: 70%
Magic:  21/21      EV: 13    Int: 24    God:    Vehumet [***...]
Gold:   460        SH: 11    Dex: 15    Spells: 17/24 levels left

rFire   . . .      SeeInvis .   a - +12 war axe "Gasela" {vamp, *Rage rPois Will+ Dex+6}
rCold   . . .      Faith    .   y - +0 buckler
rNeg    . . .      Spirit   .   K - +0 ring mail
rPois   +          Reflect  +   e - +0 helmet
rElec   .          Harm     .   M - +0 cloak
rCorr   .          Rampage  .   L - +0 pair of gloves
Will    ++...      Rage     20% D - +1 pair of boots
Stlth   ++........              m - amulet of reflection
HPRegen 0.23/turn               A - ring of willpower
MPRegen 0.17/turn               g - ring "Pasch" {rPois Str+4 Int+6 Stlth-}

@: on berserk cooldown, slowed, very slow
A: fangs 1, strong nose, distributed training
a: Renounce Religion


You were on level 11 of the Dungeon.
You worshipped Vehumet.
Vehumet was most pleased with you.
You visited 2 branches of the dungeon, and saw 12 of its levels.

You collected 460 gold pieces.


Innate Abilities, Weirdness & Mutations

You have very sharp teeth.
Your uncanny sense of smell can sniff out nearby items.
Your experience applies equally to all skills.


   Skills:
 + Level 6.5 Fighting
 + Level 6.5 Short Blades
 + Level 6.5 Long Blades
 + Level 6.5 Axes
 + Level 6.5 Maces & Flails
 + Level 6.5 Polearms
 + Level 6.5 Staves
 + Level 6.5 Slings
 + Level 6.5 Bows
 + Level 6.5 Crossbows
 + Level 6.5 Throwing
 + Level 9.3 Armour
 + Level 6.5 Dodging
 + Level 7.0 Stealth
 + Level 6.5 Shields
 + Level 6.5 Unarmed Combat
 + Level 7.2 Spellcasting
 + Level 5.4 Conjurations
 + Level 5.4 Hexes
 + Level 5.4 Summonings
 + Level 5.4 Necromancy
 + Level 5.4 Translocations
 + Level 5.4 Transmutations
 + Level 5.4 Fire Magic
 + Level 10.3 Ice Magic
 + Level 5.4 Air Magic
 + Level 5.4 Earth Magic
 + Level 5.4 Poison Magic
 + Level 7.2 Invocations
 + Level 6.5 Evocations


You had 17 spell levels left.
You knew the following spells:

 Your Spells              Type           Power      Damage    Failure   Level
a - Ozocubu's Armour      Ice            55%        N/A       1%          3
y - Frozen Ramparts       Ice            100%       1d12      1%          3
z - Freeze                Ice            100%       1d11      1%          1

Your spell library contained the following spells:

 Spells                   Type           Power      Damage    Failure   Level
 Searing Ray              Conj           68%        2d6       1%          2
 Animate Skeleton         Necr           68%        N/A       1%          1
 Apportation              Tloc           68%        N/A       1%          1
 Foxfire                  Conj/Fire      100%       2x1d9     1%          1
 Summon Small Mammal      Summ           100%       N/A       1%          1
 Conjure Flame            Conj/Fire      34%        6-21      1%          3
 Inner Flame              Hex/Fire       34%        N/A       1%          3
 Sublimation of Blood     Necr           34%        N/A       2%          2
 Gell's Gravitas          Tloc           34%        N/A       4%          3
 Lesser Beckoning         Tloc           34%        N/A       4%          3
 Teleport Other           Tloc           34%        N/A       4%          3
 Flame Wave               Conj/Fire      34%        2d7       4%          4
 Irradiate                Conj/Tmut      17%        3d19      12%         5
 Petrify                  Tmut/Erth      34%        N/A       16%         4

Inventory:

Hand Weapons
 a - the +12 war axe "Gasela" (weapon) {vamp, *Rage rPois Will+ Dex+6}

   It occasionally heals its wielder for a portion of the damage dealt when it
   wounds a living foe.
   Dex:       It affects your dexterity (+6).
   rPois:     It protects you from poison.
   *Rage:     It berserks you when you make melee attacks (+20% chance).
   Will:      It increases your willpower.
 b - a +5 spear of pain
Missiles
 N - 3 curare-tipped darts {=f}
 P - 2 throwing nets {=f}
Armour
 e - a +0 helmet (worn)
 y - a +0 buckler (worn)
 D - a +1 pair of boots (worn)
 H - a +0 kite shield
 K - a +0 ring mail (worn)
 L - a +0 pair of gloves (worn)
 M - a +0 cloak (worn)
 Q - the +12 plate armour "Pouzuyt" {rC- Will+ rCorr SInv} rC: It makes you vulnerable to cold. SInv: It lets you see invisible. rCorr: It protects you from acid and corrosion. Will: It increases your willpower.
Magical Staves
 E - a staff of cold
Jewellery
 g - the ring "Pasch" (right hand) {rPois Str+4 Int+6 Stlth-}

   [ring of intelligence]

   Str:       It affects your strength (+4).
   Int:       It affects your intelligence (+6).
   rPois:     It protects you from poison.
   Stlth:     It makes you less stealthy.
 k - a ring of fire
 m - an amulet of reflection (around neck)
 A - a ring of willpower (left hand)
Wands
 u - a wand of iceblast (14)
 I - a wand of flame (1)
 O - a wand of mindburst (11)
Scrolls
 c - 2 scrolls of fog
 l - a scroll of enchant armour
 o - 3 scrolls of teleportation {@r4}
 r - a scroll of summoning
 t - 2 scrolls of blinking
 w - 2 scrolls of amnesia
 B - a scroll of torment {!r}
 C - a scroll of enchant weapon
 G - a scroll of fear
Potions
 d - 3 potions of heal wounds {unknown}
 f - 6 potions of magic {unknown}
 h - a potion of flight {unknown}
 i - a potion of ambrosia {unknown}
 j - a potion of brilliance {unknown}
 n - 2 potions of might {unknown}
 p - a potion of invisibility {unknown}
 q - 2 potions of lignification {unknown}
 s - a potion of attraction {unknown}
 z - a potion of cancellation {unknown}
 F - a potion of berserk rage {unknown}
 J - a potion of degeneration {unknown}

Dungeon Overview and Level Annotations

Branches:
Dungeon (11/15)            Temple (1/1) D:4            Lair (0/6) D:11
    Orc: D:9-12

Altars:
Ashenzari
Cheibriados
Dithmenos
Elyvilon
Fedhas
Gozag
Hepliaklqana
Kikubaaqudgha
Makhleb
Nemelex Xobeh
Okawaru
Qazlal
Ru
Sif Muna
Trog
Uskayaw
Vehumet
Wu Jian
Xom
Yredelemnul
Zin
The Shining One
Jiyva

Shops:
D:4 *   D:7 *

Annotations:
D:11 Fannar

........▒▒.▒
▒▒..▒▒▒▒▒▒†▒
▒.▒ ... ▒e▒
▒.▒ .▒ ▒†▒ ▒.▒
▒>▒ ▒.▒ ▒.▒
▒.▒ ▒.▒ ▒.▒
▒.▒ ▒.▒
▒▒▒▒▒▒▒.▒▒▒▒g▒
........e.Y..▒
........▒▒▒▒▒▒
.▒▒▒▒▒▒▒▒


You could see Fannar and an ice beast (summoned).


Message History

Fannar hits you but does no damage. You block the ice beast's attack.
Unknown command.
You slash Fannar!
Fannar is almost dead.
You slash the ice beast! Fannar gestures at you while chanting.
The bolt of cold hits you!
* * * LOW HITPOINT WARNING * * *
The bolt of cold hits the ice beast.
The ice beast completely resists.
The ice beast closely misses you.
You hit Fannar. Your bite misses Fannar.
Fannar is almost dead.
You slice the ice beast!!
You kill the ice beast!
You block Fannar's attack.
Unknown command.
You closely miss Fannar.
Fannar is almost dead.
Unknown command.
You feel a strong urge to attack something.
You are no longer berserk.
You are exhausted.
You feel yourself slow down.
There is a stone staircase leading up here.
Fannar mumbles some strange words.
Fannar drains the heat from the surrounding environment!
You die...

Action                   |  1- 3 |  4- 6 |  7- 9 | 10-12 || total
-------------------------+-------+-------+-------+-------++-------
Melee: Club              |     8 |    15 |       |       ||    23
       Bite              |     1 |     7 |    14 |    16 ||    38
       Punch             |       |     3 |     2 |       ||     5
       Rapier            |       |    36 |    57 |       ||    93
       War axe           |       |       |    21 |   111 ||   132
Throw: Dart              |       |       |       |     5 ||     5
       Throwing net      |       |       |       |     1 ||     1
 Cast: Freeze            |    52 |    62 |    70 |    36 ||   220
       Frozen Ramparts   |     1 |     7 |    22 |    20 ||    50
       Ozocubu's Armour  |       |     5 |    14 |    14 ||    33
Evoke: Wand              |       |       |     1 |     2 ||     3
  Use: Scroll            |       |     3 |     4 |     2 ||     9
 Stab: Sleeping          |       |       |     1 |       ||     1
       Distracted        |       |       |       |     1 ||     1
Armor: Ring mail         |    13 |    49 |    87 |    49 ||   198
       Plate armour      |       |       |       |     6 ||     6
Dodge: Dodged            |    18 |    55 |    85 |    67 ||   225
Block: Other             |       |    10 |    42 |     2 ||    54
       Reflection        |       |       |     2 |       ||     2
       Buckler           |       |       |       |    77 ||    77

Levels and vault maps discovered:
D:1:      dpeg_arrival_signposts, layout_loops_corners,
          chequers_ecumenical_altar_twisty
D:2:      layout_loops_ring, st_stairs_12
D:3:      layout_loops_cross, lemuel_doored_altar,
          nicolae_overflow_ecumenical_swirl
D:4:      layout_basic, mainiacjoe_overflow_catch_the_wave,
          minmay_temple_entry_steel_oval, nicolae_shop_overcharged_wands
D:5:      old_forge, layout_loops_ring, evilmike_ruin_ashenzari
D:6:      layout_loops_ring, led_sif_pool, worldfamousw_hep_ancestral_shrine,
          xom_butterflies, mainiacjoe_overflow_alcove_1, slow_altar_2,
          uniq_sigmund
D:7:      layout_loops_ring, amcnicky_altar_gilded, serial_shops,
          nicolae_shop_behind_doors, grunt_ministairs_14
D:8:      layout_basic, old_standard_altar, uniq_joseph
D:9:      layout_stronghold, grunt_dithmenos_smoke
D:10:     layout_stronghold, minmay_fire_ice_demons, uniq_nergalle,
          uniq_josephine, uniq_sonja
D:11:     layout_loops_ring, dpeg_lair_monsters, worms_lemuel, uniq_fannar
Temple:   pf_slimified_temple

Notes
Turn   | Place    | Note
-------+----------+-------------------------------------------
     0 | D:1      | sanka the Gnoll Wanderer began the quest for the Orb.
     0 | D:1      | sanka set off with the following items: a +0 club, a +0
                  | ring mail, a scroll of fog; and the following spell
                  | memorised: Freeze; and the following spells available to
                  | memorise: Frozen Ramparts, Ozocubu's Armour
     0 | D:1      | Reached XP level 1. HP: 13/13 MP: 4/4
   211 | D:1      | Reached XP level 2. HP: 19/19 MP: 2/5
   729 | D:1      | Reached XP level 3. HP: 19/25 MP: 2/7
   922 | D:1      | Found a faded altar of an unknown god.
  1382 | D:1      | Reached skill level 1 in Invocations
  1443 | D:1      | Learned a level 3 spell: Frozen Ramparts
  1447 | D:1      | Learned a level 3 spell: Ozocubu's Armour
  1579 | D:2      | Reached skill level 1 in Fighting
  1579 | D:2      | Reached skill level 1 in Short Blades
  1579 | D:2      | Reached skill level 1 in Long Blades
  1579 | D:2      | Reached skill level 1 in Axes
  1579 | D:2      | Reached skill level 1 in Maces & Flails
  1579 | D:2      | Reached skill level 1 in Polearms
  1579 | D:2      | Reached skill level 1 in Staves
  1579 | D:2      | Reached skill level 1 in Slings
  1579 | D:2      | Reached skill level 1 in Bows
  1579 | D:2      | Reached skill level 1 in Crossbows
  1579 | D:2      | Reached skill level 1 in Throwing
  1579 | D:2      | Reached skill level 1 in Dodging
  1579 | D:2      | Reached skill level 1 in Shields
  1579 | D:2      | Reached skill level 1 in Unarmed Combat
  1579 | D:2      | Reached skill level 1 in Evocations
  1645 | D:2      | Reached XP level 4. HP: 32/32 MP: 4/8
  1815 | D:2      | Reached skill level 3 in Spellcasting
  2070 | D:2      | Identified the ring "Pasch" {rPois Str+4 Int+6 Stlth-}
  2251 | D:2      | Reached skill level 1 in Conjurations
  2251 | D:2      | Reached skill level 1 in Hexes
  2251 | D:2      | Reached skill level 1 in Summonings
  2251 | D:2      | Reached skill level 1 in Necromancy
  2251 | D:2      | Reached skill level 1 in Translocations
  2251 | D:2      | Reached skill level 1 in Transmutations
  2251 | D:2      | Reached skill level 1 in Fire Magic
  2251 | D:2      | Reached skill level 1 in Air Magic
  2251 | D:2      | Reached skill level 1 in Earth Magic
  2251 | D:2      | Reached skill level 1 in Poison Magic
  2883 | D:3      | Found an opulent altar of Gozag.
  3069 | D:3      | Reached XP level 5. HP: 31/37 MP: 4/9
  3252 | D:3      | Found a faded altar of an unknown god.
  3257 | D:3      | Found an iron altar of Okawaru.
  3517 | D:4      | Found a sparkling altar of Nemelex Xobeh.
  3768 | D:4      | Found a staircase to the Ecumenical Temple.
  3772 | Temple   | Entered the Ecumenical Temple
  3873 | Temple   | Became a worshipper of Vehumet
  3929 | D:4      | Found Feniesch's Overcharged Wands.
  4208 | D:4      | Found a glowing golden altar of the Shining One.
  4391 | D:5      | Entered Level 5 of the Dungeon
  4398 | D:5      | Noticed a phantom
  4415 | D:5      | Killed a phantom
  4416 | D:5      | Reached skill level 3 in Stealth
  4416 | D:5      | Reached skill level 2 in Invocations
  4416 | D:5      | Reached XP level 6. HP: 41/44 MP: 4/11
  4491 | D:5      | Reached skill level 2 in Fighting
  4491 | D:5      | Reached skill level 2 in Short Blades
  4491 | D:5      | Reached skill level 2 in Long Blades
  4491 | D:5      | Reached skill level 2 in Axes
  4491 | D:5      | Reached skill level 2 in Maces & Flails
  4491 | D:5      | Reached skill level 2 in Polearms
  4491 | D:5      | Reached skill level 2 in Staves
  4491 | D:5      | Reached skill level 2 in Slings
  4491 | D:5      | Reached skill level 2 in Bows
  4491 | D:5      | Reached skill level 2 in Crossbows
  4491 | D:5      | Reached skill level 2 in Throwing
  4491 | D:5      | Reached skill level 2 in Dodging
  4491 | D:5      | Reached skill level 2 in Shields
  4491 | D:5      | Reached skill level 2 in Unarmed Combat
  4491 | D:5      | Reached skill level 2 in Evocations
  4671 | D:5      | Found a broken altar of Ashenzari.
  4716 | D:5      | Reached skill level 9 in Ice Magic
  4833 | D:5      | Reached XP level 7. HP: 45/50 MP: 6/12
  4918 | D:5      | Reached skill level 7 in Armour
  5105 | D:5      | Reached skill level 2 in Conjurations
  5105 | D:5      | Reached skill level 2 in Hexes
  5105 | D:5      | Reached skill level 2 in Summonings
  5105 | D:5      | Reached skill level 2 in Necromancy
  5105 | D:5      | Reached skill level 2 in Translocations
  5105 | D:5      | Reached skill level 2 in Transmutations
  5105 | D:5      | Reached skill level 2 in Fire Magic
  5105 | D:5      | Reached skill level 2 in Air Magic
  5105 | D:5      | Reached skill level 2 in Earth Magic
  5105 | D:5      | Reached skill level 2 in Poison Magic
  5795 | D:5      | Reached skill level 3 in Invocations
  5832 | D:5      | Reached skill level 4 in Spellcasting
  6115 | D:5      | Reached XP level 8. HP: 55/57 MP: 8/14
  6369 | D:6      | Reached skill level 3 in Fighting
  6369 | D:6      | Reached skill level 3 in Short Blades
  6369 | D:6      | Reached skill level 3 in Long Blades
  6369 | D:6      | Reached skill level 3 in Axes
  6369 | D:6      | Reached skill level 3 in Maces & Flails
  6369 | D:6      | Reached skill level 3 in Polearms
  6369 | D:6      | Reached skill level 3 in Staves
  6369 | D:6      | Reached skill level 3 in Slings
  6369 | D:6      | Reached skill level 3 in Bows
  6369 | D:6      | Reached skill level 3 in Crossbows
  6369 | D:6      | Reached skill level 3 in Throwing
  6369 | D:6      | Reached skill level 3 in Dodging
  6369 | D:6      | Reached skill level 3 in Shields
  6369 | D:6      | Reached skill level 3 in Unarmed Combat
  6369 | D:6      | Reached skill level 3 in Evocations
  6422 | D:6      | Found a snail-covered altar of Cheibriados.
  6435 | D:6      | Reached * piety under Vehumet
  6435 | D:6      | Offered knowledge of Sandblast by Vehumet.
  6663 | D:6      | Found a shimmering altar of Xom.
  6671 | D:6      | Noticed Sigmund
  6686 | D:6      | Killed Sigmund
  6687 | D:6      | Reached skill level 4 in Stealth
  6863 | D:6      | Found a shimmering blue altar of Sif Muna.
  7020 | D:6      | Found a hazy altar of Hepliaklqana.
  7058 | D:6      | Found a hide-covered altar of Uskayaw.
  7402 | D:7      | Found Teluiby's General Store.
  7408 | D:7      | Noticed a five-headed hydra
  7420 | D:7      | Killed a five-headed hydra
  7421 | D:7      | Reached skill level 4 in Fighting
  7421 | D:7      | Reached skill level 4 in Short Blades
  7421 | D:7      | Reached skill level 4 in Long Blades
  7421 | D:7      | Reached skill level 4 in Axes
  7421 | D:7      | Reached skill level 4 in Maces & Flails
  7421 | D:7      | Reached skill level 4 in Polearms
  7421 | D:7      | Reached skill level 4 in Staves
  7421 | D:7      | Reached skill level 4 in Slings
  7421 | D:7      | Reached skill level 4 in Bows
  7421 | D:7      | Reached skill level 4 in Crossbows
  7421 | D:7      | Reached skill level 4 in Throwing
  7421 | D:7      | Reached skill level 4 in Dodging
  7421 | D:7      | Reached skill level 4 in Shields
  7421 | D:7      | Reached skill level 4 in Unarmed Combat
  7421 | D:7      | Reached skill level 5 in Spellcasting
  7421 | D:7      | Reached skill level 3 in Conjurations
  7421 | D:7      | Reached skill level 3 in Hexes
  7421 | D:7      | Reached skill level 3 in Summonings
  7421 | D:7      | Reached skill level 3 in Necromancy
  7421 | D:7      | Reached skill level 3 in Translocations
  7421 | D:7      | Reached skill level 3 in Transmutations
  7421 | D:7      | Reached skill level 3 in Fire Magic
  7421 | D:7      | Reached skill level 3 in Air Magic
  7421 | D:7      | Reached skill level 3 in Earth Magic
  7421 | D:7      | Reached skill level 3 in Poison Magic
  7421 | D:7      | Reached skill level 4 in Invocations
  7421 | D:7      | Reached skill level 4 in Evocations
  7421 | D:7      | Reached XP level 9. HP: 21/65 MP: 4/16
  7696 | D:7      | Found a burning altar of Makhleb.
  7937 | D:7      | Identified the +12 war axe "Gasela" {vamp, *Rage rPois
                  | Will+ Dex+6}
  8191 | D:7      | Reached skill level 5 in Stealth
  8378 | D:8      | Reached skill level 8 in Armour
  8501 | D:8      | Noticed Joseph
  8516 | D:8      | Killed Joseph
  8517 | D:8      | Reached skill level 5 in Invocations
  9105 | D:8      | Found a white marble altar of Elyvilon.
  9439 | D:9      | Reached skill level 4 in Conjurations
  9439 | D:9      | Reached skill level 4 in Hexes
  9439 | D:9      | Reached skill level 4 in Summonings
  9439 | D:9      | Reached skill level 4 in Necromancy
  9439 | D:9      | Reached skill level 4 in Translocations
  9439 | D:9      | Reached skill level 4 in Transmutations
  9439 | D:9      | Reached skill level 4 in Fire Magic
  9439 | D:9      | Reached skill level 4 in Air Magic
  9439 | D:9      | Reached skill level 4 in Earth Magic
  9439 | D:9      | Reached skill level 4 in Poison Magic
  9439 | D:9      | Reached XP level 10. HP: 71/73 MP: 9/18
  9780 | D:9      | Reached skill level 5 in Fighting
  9780 | D:9      | Reached skill level 5 in Short Blades
  9780 | D:9      | Reached skill level 5 in Long Blades
  9780 | D:9      | Reached skill level 5 in Axes
  9780 | D:9      | Reached skill level 5 in Maces & Flails
  9780 | D:9      | Reached skill level 5 in Polearms
  9780 | D:9      | Reached skill level 5 in Staves
  9780 | D:9      | Reached skill level 5 in Slings
  9780 | D:9      | Reached skill level 5 in Bows
  9780 | D:9      | Reached skill level 5 in Crossbows
  9780 | D:9      | Reached skill level 5 in Throwing
  9780 | D:9      | Reached skill level 5 in Dodging
  9780 | D:9      | Reached skill level 5 in Shields
  9780 | D:9      | Reached skill level 5 in Unarmed Combat
  9780 | D:9      | Reached skill level 5 in Evocations
 10164 | D:9      | Reached ** piety under Vehumet
 10164 | D:9      | Offered knowledge of Shock by Vehumet.
 10316 | D:9      | Found a shadowy altar of Dithmenos.
 10766 | D:10     | Entered Level 10 of the Dungeon
 10803 | D:10     | Reached skill level 6 in Spellcasting
 10937 | D:10     | Reached skill level 6 in Stealth
 11072 | D:10     | Noticed Sonja
 11079 | D:10     | Killed Sonja
 11080 | D:10     | Reached skill level 10 in Ice Magic
 11080 | D:10     | Reached skill level 6 in Invocations
 11108 | D:10     | Offered knowledge of Searing Ray by Vehumet.
 11253 | D:10     | Identified the +12 plate armour "Pouzuyt" {rC- Will+ rCorr
                  | SInv}
 11289 | D:10     | Reached XP level 11. HP: 78/81 MP: 20/20
 11492 | D:10     | Noticed a two-headed ogre
 11503 | D:10     | Killed a two-headed ogre
 11504 | D:10     | Reached skill level 6 in Fighting
 11504 | D:10     | Reached skill level 6 in Short Blades
 11504 | D:10     | Reached skill level 6 in Long Blades
 11504 | D:10     | Reached skill level 6 in Axes
 11504 | D:10     | Reached skill level 6 in Maces & Flails
 11504 | D:10     | Reached skill level 6 in Polearms
 11504 | D:10     | Reached skill level 6 in Staves
 11504 | D:10     | Reached skill level 6 in Slings
 11504 | D:10     | Reached skill level 6 in Bows
 11504 | D:10     | Reached skill level 6 in Crossbows
 11504 | D:10     | Reached skill level 6 in Throwing
 11504 | D:10     | Reached skill level 9 in Armour
 11504 | D:10     | Reached skill level 6 in Dodging
 11504 | D:10     | Reached skill level 6 in Shields
 11504 | D:10     | Reached skill level 6 in Unarmed Combat
 11504 | D:10     | Reached skill level 6 in Evocations
 11543 | D:10     | Noticed Nergalle
 11588 | D:10     | Noticed a spectral orc warlord
 11595 | D:10     | Killed Nergalle
 11596 | D:10     | Reached skill level 5 in Conjurations
 11596 | D:10     | Reached skill level 5 in Hexes
 11596 | D:10     | Reached skill level 5 in Summonings
 11596 | D:10     | Reached skill level 5 in Necromancy
 11596 | D:10     | Reached skill level 5 in Translocations
 11596 | D:10     | Reached skill level 5 in Transmutations
 11596 | D:10     | Reached skill level 5 in Fire Magic
 11596 | D:10     | Reached skill level 5 in Air Magic
 11596 | D:10     | Reached skill level 5 in Earth Magic
 11596 | D:10     | Reached skill level 5 in Poison Magic
 12008 | D:10     | Noticed Josephine
 12027 | D:10     | Killed Josephine
 12040 | D:10     | Reached *** piety under Vehumet
 12417 | D:11     | Noticed a death yak
 12433 | D:11     | Killed a death yak
 12434 | D:11     | Reached skill level 7 in Spellcasting
 12434 | D:11     | Reached skill level 7 in Invocations
 12452 | D:11     | Noticed a death yak
 12453 | D:11     | Noticed a death yak
 12469 | D:11     | Killed a death yak
 12473 | D:11     | Killed a death yak
 12474 | D:11     | Reached skill level 7 in Stealth
 12517 | D:11     | Found a staircase to the Lair.
 12518 | D:11     | Noticed Fannar
 12686 | D:11     | Killed from afar by Fannar

Vanquished Creatures
  Josephine (D:10)
  A hydra (D:7)
  A two-headed ogre (D:10)
  3 death yaks (D:11)
  Sonja (D:10)
  Nergalle (D:10)
  Joseph (D:8)
  Sigmund (D:6)
  A wyvern (D:7)
  5 wraiths (D:10)
  6 yaks (D:10)
  A steam dragon (D:8)
  A water moccasin (D:8)
  3 orc warriors
  A black bear (D:7)
  An ogre (D:5)
  A centaur (D:9)
  A phantom (D:5)
  A kobold brigand (D:9)
  2 bullfrogs
  2 gnoll sergeants (D:9)
  4 scorpions (D:5)
  A wyvern zombie (D:6)
  A water moccasin zombie (D:5)
  A water moccasin skeleton (D:6)
  5 wights (D:9)
  10 killer bees
  3 howler monkeys (D:9)
  A crimson imp (D:10)
  8 centaur zombies
  2 hounds
  An iron imp (D:6)
  2 jellies
  3 centaur skeletons (D:7)
  2 orc priests
  A bullfrog skeleton (D:4)
  An iguana (D:3)
  7 orc wizards
  A hound zombie (D:5)
  2 howler monkey zombies
  8 gnolls
  9 adders
  An adder skeleton (D:4)
  A worm (D:2)
  4 dart slugs
  15 orcs
  13 bats
  5 endoplasms
  A giant cockroach (D:4)
  6 goblins
  11 hobgoblins
  4 quokkas
  4 ball pythons
  4 frilled lizards
  15 kobolds
  10 rats
203 creatures vanquished.

Vanquished Creatures (others)
  3 fungi (D:5)
  16 plants
19 creatures vanquished.

Grand Total: 222 creatures vanquished
